 Dungeon Crawl Stone Soup version 0.22.1 (webtiles) character file.

218 IceCat the Ruffian (level 5, -4/41 HPs)
             Began as a Draconian Transmuter on Sept 18, 2018.
             Killed by divine providence
             ... invoked by an orc priest
              (10 damage)
             ... on level 4 of the Dungeon.
             The game lasted 00:07:19 (3224 turns).

IceCat the Ruffian (Draconian Transmuter)           Turns: 3224, Time: 00:07:20

Health: -4/41      AC:  6    Str: 14    XL:     5   Next: 63%
Magic:  9/9        EV: 12    Int: 13    God:
Gold:   146        SH:  0    Dex: 11    Spells: 6/9 levels left

rFire    . . .     SeeInvis .     - Unarmed
rCold    . . .     Gourm    .   (no shield)
rNeg     . . .     Faith    .   (armour unavailable)
rPois    .         Spirit   .   (helmet restricted)
rElec    .         Reflect  .   (no cloak)
rCorr    +         Harm     .   (no gloves)
MR       .....                  i - +0 pair of boots
Stlth    +.........             (no amulet)
HPRegen  0.13/turn              g - ring of resist corrosion
MPRegen  0.11/turn              (no ring)

@: no status effects
A: unfitting armour, cold-blooded, AC +5
a: no special abilities


You were on level 4 of the Dungeon.
You were very hungry.

You visited 1 branch of the dungeon, and saw 4 of its levels.

You collected 146 gold pieces.

Inventory:

Missiles
 a - 79 arrows
Armour
 i - a +0 pair of boots (worn)
Jewellery
 g - a ring of resist corrosion (left hand)
Scrolls
 b - 4 scrolls of identify {unknown}
 e - 3 scrolls of enchant armour {unknown}
 h - 2 scrolls of remove curse {unknown}
 l - 4 scrolls of immolation {unknown}
 n - 2 scrolls of magic mapping {unknown}
 p - a scroll of random uselessness {unknown}
Potions
 d - a potion of haste {unknown}
 f - 2 potions of curing {unknown}
 j - a potion of berserk rage {unknown}
 k - a potion of degeneration {unknown}
 m - a potion of cancellation {unknown}
 o - 2 potions of heal wounds {unknown}
Comestibles
 c - 5 rations


   Skills:
 + Level 1.7 Fighting
 + Level 2.5 Dodging
 * Level 4.6 Unarmed Combat
 * Level 2.9 Spellcasting
 * Level 3.2 Transmutations


You had 6 spell levels left.
You knew the following spells:

 Your Spells              Type           Power        Failure   Level  Hunger
a - Beastly Appendage     Tmut           ##....       6%          1    #......
b - Sticks to Snakes      Tmut           ##......     10%         2    ###....

Your spell library contained the following spells:

 Spells                   Type           Power        Failure   Level  Hunger
 Spider Form              Tmut/Pois      #.........   34%         3    ###....
 Ice Form                 Ice/Tmut       #.......     75%         4    #####..
 Blade Hands              Tmut           ##........   86%         5    ######.


Dungeon Overview and Level Annotations

Branches:
Dungeon (4/15)
 Temple: D:4-7

Altars:
Dithmenos


Innate Abilities, Weirdness & Mutations

Your plain brown scales are hard. (AC +5)
You cannot fit into any form of body armour.
You are cold-blooded and may be slowed by cold attacks.


Message History

The orc priest hits you with a dagger.
You barely miss the orc priest.
The orc priest is heavily wounded.
The orc priest barely misses you.
You hit the orc priest.
The orc priest is severely wounded.
The orc priest misses you.
You barely miss the orc priest. You tail-slap the orc priest.
The orc priest is almost dead.
The orc priest calls down the wrath of Beogh upon you.
Beogh smites you!
* * * LOW HITPOINT WARNING * * *
You completely miss the orc priest.
The orc priest is almost dead.
The orc priest hits you but does no damage.
You barely miss the orc priest.
The orc priest is almost dead.
The orc priest invokes the aid of Beogh against you.
Beogh smites you!
You die...

.. #. ###. #.### ...
.... >###.# .. ###.#
.....$ #. #.
#...###.....#
.#...#.##.##....[...#
.........@##.#......#.
.....###.o##..........
.#. #..............
##..##.....##
#..##.....###.
#............. #
#..##.....###.
.<#####..##o#...#
.........o......#


You could see an orc priest.

Vanquished Creatures
  A scorpion (D:4)
  An orc wizard (D:3)
  5 adders
  2 dart slugs
  3 leopard geckos
  2 orcs (D:3)
  4 ball pythons
  4 giant cockroaches
  6 goblins
  11 hobgoblins
  14 jackals
  10 kobolds
  A quokka (D:3)
  6 bats
  4 frilled lizards
  12 rats
86 creatures vanquished.

Notes
Turn   | Place    | Note
-------+----------+-------------------------------------------
     0 | D:1      | IceCat the Draconian Transmuter began the quest for the
                  | Orb.
     0 | D:1      | Reached XP level 1. HP: 16/16 MP: 3/3
   338 | D:1      | Reached XP level 2. HP: 19/23 MP: 3/5
   771 | D:1      | Reached XP level 3. HP: 24/28 MP: 6/6
   975 | D:1      | Learned a level 2 spell: Sticks to Snakes
  1346 | D:2      | Reached XP level 4. HP: 20/35 MP: 7/7
  1798 | D:2      | Reached skill level 4 in Unarmed Combat
  2587 | D:3      | Reached XP level 5. HP: 40/40 MP: 8/8
  3035 | D:4      | Found a shadowy altar of Dithmenos.
  3224 | D:4      | Killed from afar by an orc priest

Skill      XL: |  1  2  3  4  5 |
---------------+----------------+-----
Dodging        | 2 |  2.5
Unarmed Combat | 4 |  4.6
Transmutations | 3 |  3.2
Fighting       | |  1.7
Spellcasting   | |  2.9

Action                   |  1- 3 |  4- 6 || total
-------------------------+-------+-------++-------
Melee: Unarmed           |   173 |   177 ||   350
       Kick              |     2 |       ||     2
       Tailslap          |     8 |    15 ||    23
       Punch             |     3 |     2 ||     5
       Headbutt          |     2 |     6 ||     8
 Cast: Beastly Appendage |     6 |     4 ||    10
 Stab: Sleeping          |     1 |       ||     1
  Eat: Chunk             |     2 |     5 ||     7
Armor: Skin              |    72 |    44 ||   116
Dodge: Dodged            |   148 |    99 ||   247
